 Dungeon Crawl Stone Soup version 0.21.1-1-g345015fe64 (webtiles) character file.

6323 JarielCorvus the Thaumaturge (level 10, -7/50 HPs)
             Began as a Deep Elf Fire Elementalist on July 5, 2018.
             Was a Priest of Vehumet.
             Mangled by a two-headed ogre
             ... wielding a +0 giant club
              (23 damage)
             ... on level 9 of the Dungeon.
             The game lasted 00:29:39 (8602 turns).

JarielCorvus the Thaumaturge (DEFE)                 Turns: 8602, Time: 00:29:40

Health: -7/50      AC:  5    Str:  5    XL:     10   Next: 64%
Magic:  31/35      EV: 16    Int: 29    God:    Vehumet [***...]
Gold:   615        SH:  0    Dex: 15    Spells: 9/30 levels left

rFire    . . .     SeeInvis .   H - +5 spear of Lifynt {pierce, Int+5}
rCold    . . .     Gourm    .   (no shield)
rNeg     . . .     Faith    .   a - +0 robe
rPois    .         Spirit   .   (no helmet)
rElec    .         Reflect  .   (no cloak)
rCorr    .         Harm     .   n - +1 pair of gloves
MR       +....                  v - +0 pair of boots
Stlth    ++........             d - amulet of regeneration
HPRegen  0.56/turn              A - ring of magical power
MPRegen  0.24/turn              r - +3 ring of evasion

@: lethally poisoned (-7 -> -7)
A: no striking features
a: Renounce Religion


You were on level 9 of the Dungeon.
You worshipped Vehumet.
Vehumet was most pleased with you.
You were not hungry.

You visited 1 branch of the dungeon, and saw 10 of its levels.

You collected 615 gold pieces.

Inventory:

Hand Weapons
 i - a +2 dagger of venom
 j - a +0 hunting sling of flaming
 D - a +1 blowgun
 H - the +5 spear of Lifynt (weapon) {pierce, Int+5}
   (You found it on level 9 of the Dungeon)

   It inflicts extra damage upon your enemies.
   It affects your intelligence (+5).
Missiles
 g - 188 stones (quivered)
 E - 10 poisoned needles
Armour
 a - a +0 robe (worn)
 n - a +1 pair of gloves (worn)
 v - a +0 pair of boots (worn)
 J - a +0 leather armour
Jewellery
 d - an amulet of regeneration (around neck)
 l - an uncursed ring of protection from fire
 o - an uncursed ring of ice
 r - a +3 ring of evasion (right hand)
 s - an uncursed ring of poison resistance
 A - a ring of magical power (left hand)
 K - an uncursed ring of protection from cold
Wands
 q - a wand of iceblast (25)
 F - a wand of clouds (4)
Scrolls
 k - 6 scrolls of teleportation
 u - 4 scrolls of remove curse
 w - 3 scrolls of magic mapping
 y - a scroll of enchant armour
 z - a scroll of fear
 B - a scroll of fog
Potions
 e - 3 potions of curing
 h - 2 potions of lignification
 m - a potion of might
 p - a potion of flight {unknown}
 t - a potion of haste {unknown}
 x - a potion of cancellation {unknown}
 G - a potion of invisibility {unknown}
Books
 b - a book of Flames

   Spells                             Type                      Level
   a - Flame Tongue                   Conjuration/Fire             1
   b - Throw Flame                    Conjuration/Fire             2
   c - Conjure Flame                  Conjuration/Fire             3
   d - Inner Flame                    Hexes/Fire                   3
   e - Sticky Flame                   Conjuration/Fire             4
   f - Fireball                       Conjuration/Fire             5
Comestibles
 c - 15 rations


   Skills:
 - Level 2.4 Dodging
 - Level 2.4 Stealth
 - Level 10.8 Spellcasting
 * Level 10.8 Conjurations
 + Level 9.5 Fire Magic
 + Level 6.2 Evocations


You had 9 spell levels left.
You knew the following spells:

 Your Spells              Type           Power        Failure   Level  Hunger
a - Flame Tongue          Conj/Fire      #####        1%          1    None
b - Throw Flame           Conj/Fire      ######       1%          2    None
c - Conjure Flame         Conj/Fire      ######..     1%          3    None
d - Inner Flame           Hex/Fire       #####...     1%          3    None
e - Sticky Flame          Conj/Fire      ######..     1%          4    None
f - Magic Dart            Conj           ####         1%          1    None
g - Fireball              Conj/Fire      ######....   1%          5    ###....
h - Searing Ray           Conj           ######       1%          2    None


Dungeon Overview and Level Annotations

Branches:
Dungeon (10/15)            Temple (0/1) D:7             Orc (0/2) D:9
   Lair: D:8-11

Altars:
Cheibriados
Fedhas
Gozag
Okawaru
Vehumet
Wu Jian
Zin

Shops:
D:4 [   D:6 [


Message History

Vehumet accepts your kill.
You feel sick.
Casting: Flame Tongue
Confirm with . or Enter, or press ? or * to list all spells.
You don't know that spell.
You feel sick.
You climb downwards.
You feel sick. The killer bee closely misses you.
The two-headed ogre misses you.
The two-headed ogre hits you with a giant spiked club.
The killer bee completely misses you. The killer bee barely misses you.
The two-headed ogre misses you.
The two-headed ogre hits you with a giant spiked club!
There is a stone staircase leading up here.
The killer bee completely misses you. The killer bee stings you.
You climb upwards.
You feel sick.
There is a stone staircase leading down, spattered with blood here.
You closely miss the killer bee. The killer bee misses you.
The two-headed ogre barely misses you.
The two-headed ogre hits you with a giant spiked club!!
You die...

###########..............#
###..##.# #......#########
##......###......#
##...##..h####...#
..hh.#.#.#..###..################
#..#.#...##.hh...................
...##.##########.################
.#..#.##.#######O#
#..#.###.##....y@#
##..##.#.##.###### ..#..#....#.#
#.#..#..###.# #...##.## #.#
##.##..####.# ..#..#...##.#
####.....##.# ###..#..###.#


You could see a two-headed ogre and a killer bee.

Vanquished Creatures
  3 two-headed ogres
  The ghost of abdbla the Covert, a novice SpEn of Dithmenos (D:9)
  The ghost of P0WERM0DE the Grave Robber, a novice OpNe (D:5)
  A hungry ghost (D:9)
  A sky beast (D:8)
  3 ice beasts
  3 phantoms
  2 black bears
  A necrophage (D:8)
  4 centaurs
  3 ogres
  2 big kobolds
  A bullfrog (D:7)
  A wyvern zombie (D:8)
  3 scorpions
  A water moccasin skeleton (D:6)
  9 killer bees
  2 howler monkeys
  2 bullfrog zombies
  2 crimson imps
  A quasit (D:7)
  An orc priest (D:9)
  2 hounds (D:5)
  3 jellies (D:8)
  6 orc wizards
  A centaur skeleton (D:4)
  An iguana (D:9)
  7 worker ants
  6 ogre zombies (D:9)
  10 adders
  7 gnolls
  2 shadow imps
  An ooze (D:1)
  5 worms
  A dart slug (D:1)
  3 leopard geckos
  15 orcs
  A ball python (D:2)
  5 giant cockroaches
  7 goblins
  8 hobgoblins
  2 jackals (D:7)
  A quokka (D:7)
  4 bats
  7 frilled lizards
  3 goblin zombies (D:9)
  2 hobgoblin zombies (D:9)
  17 kobolds
  3 orc skeletons (D:9)
  11 orc zombies (D:9)
  13 rats
202 creatures vanquished.

Notes
Turn   | Place    | Note
-------+----------+-------------------------------------------
     0 | D:1      | JarielCorvus the Deep Elf Fire Elementalist began the quest for the Orb.
     0 | D:1      | Reached XP level 1. HP: 10/10 MP: 6/6
   126 | D:1      | Reached XP level 2. HP: 10/15 MP: 1/8
   226 | D:1      | Learned a level 2 spell: Throw Flame
   996 | D:1      | Reached XP level 3. HP: 19/19 MP: 8/10
  1009 | D:1      | Learned a level 3 spell: Conjure Flame
  1013 | D:1      | Learned a level 3 spell: Inner Flame
  1322 | D:2      | Found a radiant altar of Vehumet.
  1375 | D:2      | Reached XP level 4. HP: 18/24 MP: 1/12
  1460 | D:2      | Became a worshipper of Vehumet
  1904 | D:3      | Reached skill level 5 in Spellcasting
  2007 | D:3      | Learned a level 4 spell: Sticky Flame
  2517 | D:3      | Found a glowing silver altar of Zin.
  2568 | D:3      | Reached XP level 5. HP: 28/28 MP: 11/14
  2875 | D:4      | Reached * piety under Vehumet
  2875 | D:4      | Offered knowledge of Sting by Vehumet.
  3136 | D:4      | Reached XP level 6. HP: 32/32 MP: 10/17
  3190 | D:4      | Found Xiofra Qohas's Armour Boutique.
  3643 | D:5      | Entered Level 5 of the Dungeon
  3904 | D:5      | Noticed P0WERM0DE's ghost (novice OpNe)
  3915 | D:5      | Killed P0WERM0DE's ghost
  3915 | D:5      | Reached skill level 5 in Fire Magic
  3915 | D:5      | Reached XP level 7. HP: 16/36 MP: 5/20
  4546 | D:6      | Found a blossoming altar of Fedhas.
  4858 | D:6      | Found Mixkydip's Antique Armour Shoppe.
  4903 | D:6      | Reached skill level 5 in Conjurations
  4903 | D:6      | Reached XP level 8. HP: 41/41 MP: 8/23
  5036 | D:6      | Found an ornate altar of the Wu Jian Council.
  5162 | D:6      | Found a snail-covered altar of Cheibriados.
  5533 | D:7      | Reached ** piety under Vehumet
  5575 | D:7      | Reached skill level 10 in Spellcasting
  5593 | D:7      | Offered knowledge of Magic Dart by Vehumet.
  5828 | D:7      | Learned a level 1 spell: Magic Dart
  5834 | D:7      | Learned a level 5 spell: Fireball
  5915 | D:7      | Found an opulent altar of Gozag.
  6134 | D:7      | Found a staircase to the Ecumenical Temple.
  6203 | D:7      | Found an iron altar of Okawaru.
  6298 | D:7      | Reached skill level 1 in Evocations
  6405 | D:8      | Reached XP level 9. HP: 45/45 MP: 25/25
  6610 | D:8      | Offered knowledge of Searing Ray by Vehumet.
  6837 | D:8      | Noticed a two-headed ogre
  6847 | D:8      | Killed a two-headed ogre
  6963 | D:8      | Noticed a two-headed ogre
  6976 | D:8      | Killed a two-headed ogre
  6976 | D:8      | Reached XP level 10. HP: 50/50 MP: 22/26
  7060 | D:8      | Learned a level 2 spell: Searing Ray
  7566 | D:9      | Reached *** piety under Vehumet
  7609 | D:9      | Noticed a two-headed ogre
  7617 | D:9      | Killed a two-headed ogre
  7617 | D:9      | Reached skill level 5 in Evocations
  7662 | D:9      | Got a jewelled spear
  7663 | D:9      | Identified the +5 spear of Lifynt {pierce, Int+5} (You found it on level 9 of the Dungeon)
  7732 | D:9      | Noticed abdbla's ghost (novice SpEn)
  7742 | D:9      | Killed abdbla's ghost
  7742 | D:9      | Reached skill level 10 in Conjurations
  8055 | D:9      | Offered knowledge of Dazzling Spray by Vehumet.
  8081 | D:9      | Found a staircase to the Orcish Mines.
  8592 | D:10     | Entered Level 10 of the Dungeon
  8592 | D:10     | Noticed a two-headed ogre
  8602 | D:9      | Mangled by a two-headed ogre

Skill      XL: |  1  2  3  4  5  6  7  8  9 10 |
---------------+-------------------------------+-----
Spellcasting   | 4 5 6 7 9 10 | 10.8
Conjurations   | 2 3 4 5 6 9 10 | 10.8
Fire Magic     | 4 5 6 7 8 9 |  9.5
Evocations     | 1 4 6 |  6.2
Dodging        | |  2.4
Stealth        | |  2.4

Action                   |  1- 3 |  4- 6 |  7- 9 | 10-12 || total
-------------------------+-------+-------+-------+-------++-------
Melee: Hunting sling     |       |       |     1 |       ||     1
       Spear             |       |       |       |     1 ||     1
 Fire: Hunting sling     |    29 |    41 |       |       ||    70
 Cast: Flame Tongue      |    54 |    75 |   189 |   134 ||   452
       Throw Flame       |    14 |    22 |    32 |    13 ||    81
       Conjure Flame     |       |     1 |     4 |     2 ||     7
       Inner Flame       |       |       |     2 |       ||     2
       Magic Dart        |       |       |    20 |     8 ||    28
       Fireball          |       |       |     9 |     4 ||    13
       Searing Ray       |       |       |       |     4 ||     4
  Use: Scroll            |     5 |     8 |     7 |     7 ||    27
       Potion            |       |       |     1 |     2 ||     3
  Eat: Chunk             |     1 |     5 |     7 |       ||    13
       Ration            |       |     1 |     1 |     2 ||     4
Armor: Robe              |     3 |     3 |    14 |    15 ||    35
Dodge: Dodged            |    14 |    16 |    71 |    84 ||   185
